 Dungeon Crawl Stone Soup version 0.20.1-1-g8b1a95d (webtiles) character file.

184 Linguinho the Gusty (level 5, -1/39 HPs)
             Began as a Draconian Air Elementalist on Oct 30, 2017.
             Was an Initiate of Ashenzari.
             Killed from afar by Ymberto's ghost (5 damage)
             ... with a magic dart
             ... on level 3 of the Dungeon.
             The game lasted 00:10:18 (3434 turns).

Linguinho the Gusty (Draconian Air Elementalist)    Turns: 3434, Time: 00:10:19

Health: -1/39      AC:  5    Str: 11    XL:     5   Next: 36%
Magic:  2/9        EV: 12    Int: 16    God:    Ashenzari [......]
Gold:   179        SH:  0    Dex: 11    Spells: 4/10 levels left

rFire    . . .     SeeInvis .   t - +2 dagger (speed) (curse)
rCold    . . .     Gourm    .   (no shield)
rNeg     . . .     Faith    .   (armour unavailable)
rPois    .         Spirit   .   (helmet restricted)
rElec    .         Reflect  .   (no cloak)
rCorr    .         Harm     .   (no gloves)
MR       +....                  (no boots)
Stlth    ++........             (no amulet)
Regen    0.2/turn               s - ring of protection from magic
MPRegen  0.2/turn               (no ring)

@: no status effects
A: unfitting armour, cold-blooded, AC +5
a: Curse Item, Renounce Religion


You were on level 3 of the Dungeon.
You worshipped Ashenzari.
Ashenzari was noncommittal.
You were not hungry.

You visited 1 branch of the dungeon, and saw 3 of its levels.

You collected 179 gold pieces.

Inventory:

Hand Weapons
 t - a cursed +2 dagger of speed (weapon)
Jewellery
 s - a ring of protection from magic (left hand)
Wands
 q - a wand of digging (13/24)
Scrolls
 d - a scroll of fear {unknown}
 e - 2 scrolls of fog {unknown}
 g - 4 scrolls of teleportation {unknown}
 h - 4 scrolls of remove curse
 l - 4 scrolls of identify {unknown}
 o - a scroll of immolation {unknown}
Potions
 f - a potion of degeneration {unknown}
 i - a potion of magic {unknown}
 m - a potion of heal wounds {unknown}
 n - 2 potions of mutation {unknown}
 p - a potion of resistance {unknown}
Books
 a - a book of Air

   Spells                             Type                      Level
   a - Shock                          Conjuration/Air              1
   b - Swiftness                      Charms/Air                   2
   c - Static Discharge               Conjuration/Air              3
   d - Airstrike                      Air                          4
   e - Lightning Bolt                 Conjuration/Air              5
Comestibles
 b - 4 bread rations
 c - 2 meat rations
 j - 4 royal jellies
 k - 4 fruits


   Skills:
 + Level 0.4 Fighting
   Level 1.0 Maces & Flails
 + Level 2.1 Dodging
 + Level 1.9 Stealth
 + Level 3.1 Spellcasting
 + Level 2.7 Conjurations
 + Level 4.2 Air Magic


You had 4 spell levels left.
You knew the following spells:

 Your Spells              Type           Power        Failure   Level  Hunger
a - Shock                 Conj/Air       ##..         4%          1    None
b - Swiftness             Chrm/Air       #.......     12%         2    ##.....
c - Static Discharge      Conj/Air       ##......     13%         3    ###....


Dungeon Overview and Level Annotations

Branches:
Dungeon (3/15)

Altars:
Ashenzari

Annotations:
D:3 Ymberto's ghost, amateur DECj


Innate Abilities, Weirdness & Mutations

Your plain brown scales are hard. (AC +5)
You cannot fit into any form of body armour.
You are cold-blooded and may be slowed by cold attacks.


Message History

You completely miss Ymberto's ghost.
Ymberto's ghost is severely damaged.
Ymberto's ghost casts a spell at you. The magic dart hits you!
You miss Ymberto's ghost. You tail-slap Ymberto's ghost.
Ymberto's ghost is severely damaged.
There is an open door here.
Ymberto's ghost is nearby!
Ymberto's ghost points at you and mumbles some strange words.
The magic dart hits you!
* * * LOW HITPOINT WARNING * * *
There is an open door here.
Ymberto's ghost whispers, "Everlasting silence awaits you..."
Ymberto's ghost gestures at you while chanting.
The magic dart hits you!
* * * LOW HITPOINT WARNING * * *
Your magical contamination has completely faded away.
Ymberto's ghost points at you and mumbles some strange words.
The magic dart hits you!
You die...

######### ##.#.....# #.
........###.......## #.
........'..........# #.
........#########..# #.
...(......#........###.
..........#..#.##......
....)........#....†.### #####
######'#..........#.# #...######
#@#.........##.# #...##...#
#.#.....###.##.### # #...##...#
#.#...).###.#.....
###...##...#####.#.##...##.######
.......'...'.W.W.......>##.. #..
.#####.#...#####........#### #.#
.# #.#...# #........# #.# +#
#.##### #........# #.# . #.#
#........# #.#


You could see Ymberto's ghost.

Vanquished Creatures
  2 orc priests
  5 adders
  A dart slug (D:1)
  9 orcs
  11 bats
  2 giant cockroaches
  10 goblins
  7 hobgoblins
  8 jackals
  6 kobolds
  5 frilled lizards
  3 rats
69 creatures vanquished.

Notes
Turn   | Place    | Note
-------+----------+-------------------------------------------
     0 | D:1      | Linguinho the Draconian Air Elementalist began the quest for the Orb.
     0 | D:1      | Reached XP level 1. HP: 14/14 MP: 3/3
    91 | D:1      | Found a shattered altar of Ashenzari.
   446 | D:1      | Became a worshipper of Ashenzari the Shackled
   493 | D:1      | Reached XP level 2. HP: 14/20 MP: 5/5
   717 | D:1      | Learned a level 2 spell: Swiftness
  1113 | D:1      | Reached XP level 3. HP: 26/26 MP: 3/6
  1118 | D:1      | Learned a level 3 spell: Static Discharge
  1836 | D:2      | Reached XP level 4. HP: 23/33 MP: 2/7
  2642 | D:3      | Reached skill level 4 in Air Magic
  2846 | D:3      | Reached XP level 5. HP: 39/39 MP: 1/9
  3135 | D:3      | Reached skill level 1 in Maces & Flails
  3406 | D:3      | Noticed Ymberto's ghost (amateur DECj)
  3434 | D:3      | Killed from afar by Ymberto's ghost

Skill      XL: |  1  2  3  4  5 |
---------------+----------------+-----
Dodging        | 2 |  2.1
Conjurations   | 2 |  2.7
Air Magic      | 4 |  4.2
Spellcasting   | 3 |  3.1
Maces & Flails | 1 |  1.0
Fighting       | |  0.4
Stealth        | |  1.9

Action                   |  1- 3 |  4- 6 || total
-------------------------+-------+-------++-------
Melee: Club              |    53 |    13 ||    66
       Unarmed           |     3 |       ||     3
       Tailslap          |     1 |     1 ||     2
       Dagger            |       |     6 ||     6
       Hand axe          |       |     3 ||     3
 Cast: Shock             |    63 |    71 ||   134
       Static Discharge  |     1 |     1 ||     2
Invok: Curse Item        |       |     1 ||     1
 Stab: Distracted        |       |     1 ||     1
  Eat: Chunk             |     1 |     4 ||     5
       Bread ration      |     1 |       ||     1
Armor: Skin              |    24 |    11 ||    35
Dodge: Dodged            |    53 |    18 ||    71
